 Dungeon Crawl Stone Soup version 0.30-a0-149-g7f746667c4 (webtiles) character file.

Game seed: 51379976737943507

5139 qw the Cleaver (level 10, -4/63 HPs)
             Began as a Gargoyle Fighter on Sept 26, 2022.
             Was an Initiate of Okawaru.
             Killed from afar by a gargoyle (15 damage)
             ... with a stone arrow
             ... on level 7 of the Dungeon.
             The game lasted 00:03:10 (7453 turns).

qw the Cleaver (Gargoyle Fighter)                   Turns: 7453, Time: 00:03:10

Health: -4/63      AC: 27    Str: 24    XL:     10   Next: 58%
Magic:  9/10       EV: 10    Int:  7    God:    Okawaru [......]
Gold:   30         SH: 12    Dex:  9    Spells: 9/9 levels left

rFire   + . .      SeeInvis .    o - +0 war axe (spect)
rCold   + . .      Faith    .    l - +2 kite shield {rC+}
rNeg    + . .      Spirit   .    s - +1 plate armour {rC+}
rPois   inf        Reflect  .    (helmet restricted)
rElec   +          Harm     .    u - +0 cloak
rCorr   .          Rampage  .    r - +2 pair of gloves
Will    .....                    (no boots)
Stlth   ..........               (no amulet)
HPRegen 0.20/turn                q - +4 ring of evasion
MPRegen 0.12/turn                p - ring of fire

@: no status effects
A: sickness immunity, AC +7, negative energy resistance 1, electricity
resistance, torment resistance 1, petrification resistance, antennae 1,
iridescent scales 1, dopey 1
a: Renounce Religion


You were on level 7 of the Dungeon.
You worshipped Okawaru.
Okawaru was noncommittal.
You visited 2 branches of the dungeon, and saw 8 of its levels.

You collected 345 gold pieces.
You spent 315 gold pieces at shops.


Innate Abilities, Weirdness & Mutations

You are immune to sickness and miasma.
Your stone body is resilient. (AC +7)
You are immune to poison.
You resist negative energy. (rN+)
You are resistant to electric shocks. (rElec)
You are resistant to unholy torment.
You are immune to petrification.
You have a pair of small antennae on your head.
You are partially covered in iridescent scales. (AC +2)
You are dopey. (Int -2)


   Skills:
 + Level 7.0 Fighting
 - Level 10.0 Axes
 - Level 1.2 Throwing
 - Level 6.5 Armour
 - Level 1.3 Dodging
 - Level 9.0 Shields


You had 9 spell levels left.
You didn't know any spells.
Your spell library was empty.

Inventory:

Hand Weapons
 o - a +0 spectral war axe (weapon)
 v - a +2 morningstar of draining
Missiles
 c - a boomerang (quivered)
Armour
 l - a +2 kite shield of cold resistance (worn)
 r - a +2 pair of gloves (worn)
 s - a +1 plate armour of cold resistance (worn)
 u - a +0 cloak (worn)
Jewellery
 h - a ring of positive energy
 p - a ring of fire (right hand)
 q - a +4 ring of evasion (left hand)
Scrolls
 i - 2 scrolls of identify
 w - a scroll of brand weapon
Potions
 a - a potion of invisibility {unknown}
 b - a potion of lignification
 d - a potion of might
 e - 2 potions of cancellation
 f - a potion of heal wounds {unknown}
 g - 4 potions of curing
 j - a potion of attraction
 k - a potion of berserk rage {unknown}
 m - a potion of mutation
 n - a potion of magic {unknown}

Dungeon Overview and Level Annotations

Branches:
Dungeon (7/15)             Temple (1/1) D:5

Altars:
Ashenzari
Cheibriados
Elyvilon
Fedhas
Gozag
Hepliaklqana
Kikubaaqudgha
Makhleb
Nemelex Xobeh
Okawaru
Qazlal
Trog
Uskayaw
Vehumet
Wu Jian
Xom
Zin
The Shining One

Shops:
D:2 [   D:3 (   D:6 *

Portals:
Abyss: D:6

Annotations:
D:3 1 runed translucent door, qw's ghost, amateur GrFi
D:5 2 transporters, qw's ghost, novice GrFi
D:6 2 transporters, qw's ghost, novice GrFi


Message History

You barely miss the orc priest. You block the orc priest's attack.
You barely miss the orc priest.
The orc priest mumbles some strange prayers to Beogh against you.
You struggle to resist.
You slash the orc priest!
The orc priest is severely wounded.
The orc priest hits you but does no damage.
You closely miss the orc priest.
The orc priest is severely wounded.
You block the orc priest's attack.
You closely miss the orc priest.
The orc priest is severely wounded.
You slice the orc priest!!
You kill the orc priest!
Okawaru accepts your kill.
A gargoyle comes into view. It is wielding a +0 mace.
A gargoyle comes into view. It is wielding a +0 flail.
Your base Axes skill increases to level 10!
7448 ||| Stepping ~*~*~tactically~*~*~ (hiding).
You slash the orc!
You kill the orc!
Okawaru accepts your kill.
You hit the orc but do no damage.
Your +0 spectral war axe completely misses the orc.
You feel like a meek peon again. The orc barely misses you.
You hit the orc but do no damage.
Your +0 spectral war axe hits the orc!
You kill the orc!
Okawaru accepts your kill.
The gargoyle completely misses your +0 spectral war axe.
You swap places.
You block the gargoyle's attack.
Items here: % ))) [[.
You hit the gargoyle.
The gargoyle is lightly damaged.
The gargoyle hurls a stone arrow at you.
The stone arrow hits you!
You die...

.##.# #........## ..# 77
7.7 ..#.# #.........# #####
#####7.7# #.#.#
#.........#77.77 77....7.7.
#.#.#
########..#7...777.~~~~~~~~
..[.# #..).......~~~~~~~~~
#.#### ##.#7...777)~~~~~~~~
.....# #.#77.77 77....7.7.
#.##.# #.##### #########
#.# # ########.@99.# #..
./......ยค####...... ####.#
########## { ..... .....#
.#.. ######


o.o .# o You could see 2 gargoyles.

Vanquished Creatures
  A gargoyle (D:7)
  An unseen horror (D:7)
  A troll (D:7)
  Sigmund (D:4)
  A shadow (D:7)
  A wyvern (D:7)
  2 steam dragons
  Edmund (D:4)
  A water moccasin (D:4)
  Duvessa (D:7)
  4 ice beasts
  4 orc warriors
  A black bear (D:4)
  A sky beast (D:7)
  2 ogres
  2 centaurs (D:7)
  3 phantoms
  2 bullfrogs (D:7)
  A gnoll sergeant (D:7)
  A necrophage (D:4)
  2 scorpions (D:4)
  12 wights
  Dowan (D:7)
  An electric eel (D:7)
  2 howler monkeys (D:7)
  A gnoll bouda (D:7)
  4 hounds
  A jelly (D:6)
  3 orc priests
  Ijyb (D:4)
  3 iguanas
  5 gnolls (D:7)
  14 adders
  2 shadow imps (D:6)
  3 ufetubi
  3 dart slugs
  40 orcs
  5 ball pythons
  5 bats
  7 endoplasms
  3 giant cockroaches
  6 goblins
  13 hobgoblins
  A jackal (D:4)
  7 kobolds
  2 quokkas
  A frilled lizard (D:2)
  4 rats
184 creatures vanquished.

Vanquished Creatures (others)
  6 plants
6 creatures vanquished.

Grand Total: 190 creatures vanquished

Notes
Turn   | Place    | Note
-------+----------+-------------------------------------------
     0 | D:1      | qw the Gargoyle Fighter began the quest for the Orb.
     0 | D:1      | Reached XP level 1. HP: 14/14 MP: 1/1
     0 | D:1      | 0 ||| qw: Version: 0.2-a-10-g399e6c4
     0 | D:1      | 0 ||| qw: Game counter: 523
     0 | D:1      | 0 ||| qw: Always use a shield: true
     0 | D:1      | 0 ||| qw: God list: Okawaru
     0 | D:1      | 0 ||| qw: Allow faded altars: false
     0 | D:1      | 0 ||| qw: Do Orc after D:15 true
     0 | D:1      | 0 ||| qw: Do second Lair branch before Depths: true
     0 | D:1      | 0 ||| qw: Lair rune preference: random
     0 | D:1      | 0 ||| qw: Plans: Normal, Zot:1-4, God:TSO, Crypt, Tomb,
                  | Pan, Slime:5, Hells, Abyss, Orb
     0 | D:1      | 0 ||| PLANNING D:1-11
    24 | D:1      | Reached skill level 2 in Axes
   113 | D:1      | Reached XP level 2. HP: 19/19 MP: 2/2
   290 | D:1      | Reached skill level 3 in Axes
   290 | D:1      | 290 ||| DROPPING +0 club.
   307 | D:1      | Reached XP level 3. HP: 23/23 MP: 3/3
   449 | D:1      | Found a faded altar of an unknown god.
   485 | D:1      | 485 ||| READING scroll labelled BUWAIC QAYN.
   486 | D:1      | 486 ||| READING scroll labelled HUUZXO QEPNONK.
   979 | D:2      | Found an opulent altar of Gozag.
  1030 | D:2      | Found Niutzuxo's Antique Armour Emporium.
  1040 | D:2      | 1040 ||| SHOPLISTING ancient chain mail (199 gold, have
                  | 93).
  1040 | D:2      | 1040 ||| SHOPLISTING pair of runed gloves (157 gold, have
                  | 93).
  1040 | D:2      | 1040 ||| SHOPLISTING translucent plate armour (588 gold,
                  | have 93).
  1127 | D:2      | 1127 ||| READING scroll labelled JYULEUHI GO NIAH.
  1127 | D:2      | Identified a scroll of acquirement
  1127 | D:2      | 1127 ||| ACQUIRING +1 helmet of see invisible
  1127 | D:2      | Acquired a +1 helmet of see invisible
  1129 | D:2      | 1129 ||| UPGRADING to +1 helmet of see invisible.
  1134 | D:2      | 1134 ||| READING scroll labelled YHIAPN DO YL KUN.
  1135 | D:2      | 1135 ||| READING scroll labelled MIUKIO JYCROU.
  1136 | D:2      | 1136 ||| READING scroll labelled UMEHOMIESU.
  1392 | D:3      | Reached XP level 4. HP: 28/28 MP: 4/4
  1414 | D:3      | 1414 ||| READING scroll of enchant armour.
  1414 | D:3      | 1414 ||| ENCHANTING +1 helmet of see invisible.
  1417 | D:3      | Found a broken altar of Ashenzari.
  1426 | D:3      | 1426 ||| Stepping ~*~*~tactically~*~*~ (stealth).
  1477 | D:3      | Found Lamumegi's Antique Weapon Boutique.
  1483 | D:3      | 1483 ||| SHOPLISTING runed flail (149 gold, have 107).
  1483 | D:3      | 1483 ||| SHOPLISTING runed mace (138 gold, have 107).
  1542 | D:3      | Reached skill level 4 in Axes
  1570 | D:3      | 1570 ||| DROPPING +0 mace.
  1656 | D:3      | Found a hide-covered altar of Uskayaw.
  1797 | D:3      | 1797 ||| UPGRADING to +0 chain mail.
  1863 | D:3      | 1863 ||| DROPPING +0 scale mail.
  1950 | D:3      | Found a runed translucent door.
  1957 | D:3      | Noticed qw's ghost (amateur GrFi)
  1986 | D:3      | Found a stormy altar of Qazlal.
  1986 | D:3      | Found a sparkling altar of Nemelex Xobeh.
  2046 | D:3      | Found a glowing silver altar of Zin.
  2046 | D:3      | Found a glowing golden altar of the Shining One.
  2046 | D:3      | Found a white marble altar of Elyvilon.
  2277 | D:3      | 2277 ||| READING 3 scrolls labelled TAGEMA ZAFIE.
  2311 | D:3      | 2311 ||| READING scroll labelled YSYMUE ZOAHU.
  2312 | D:3      | 2312 ||| READING scroll labelled CAIPNU ETANEARPH.
  2313 | D:3      | 2313 ||| READING scroll labelled UBRUCY YPPIUS.
  2314 | D:3      | 2314 ||| READING 2 scrolls of identify.
  2314 | D:3      | 2314 ||| IDENTIFYING yellow potion
  2315 | D:3      | 2315 ||| DROPPING potion of brilliance.
  2346 | D:4      | 2346 ||| STAIRDANCE
  2453 | D:4      | Reached XP level 5. HP: 32/32 MP: 5/5
  2523 | D:4      | Reached skill level 5 in Axes
  2544 | D:4      | Reached XP level 6. HP: 38/38 MP: 6/6
  2580 | D:4      | Found a hazy altar of Hepliaklqana.
  2584 | D:4      | Found a snail-covered altar of Cheibriados.
  2621 | D:4      | Noticed Edmund
  2625 | D:4      | Killed Edmund
  2628 | D:4      | 2628 ||| DROPPING +0 flail.
  2638 | D:4      | Noticed Sigmund
  2639 | D:4      | 2639 ||| Stepping ~*~*~tactically~*~*~ (hiding).
  2645 | D:4      | Killed Sigmund
  2646 | D:4      | Reached skill level 6 in Axes
  2646 | D:4      | Reached XP level 7. HP: 43/43 MP: 7/7
  2774 | D:4      | 2774 ||| Stepping ~*~*~tactically~*~*~ (stealth).
  2786 | D:4      | 2786 ||| READING scroll of acquirement.
  2786 | D:4      | 2786 ||| ACQUIRING +2 kite shield of cold resistance
  2786 | D:4      | Acquired a +2 kite shield of cold resistance
  2788 | D:4      | 2788 ||| UPGRADING to +2 kite shield of cold resistance.
  2798 | D:4      | 2798 ||| DROPPING +0 buckler.
  2799 | D:4      | 2799 ||| UPGRADING to +2 pair of gloves.
  2811 | D:4      | 2811 ||| Stepping ~*~*~tactically~*~*~ (stealth).
  2865 | D:4      | 2865 ||| Stepping ~*~*~tactically~*~*~ (stealth).
  2867 | D:4      | 2867 ||| Stepping ~*~*~tactically~*~*~ (stealth).
  2868 | D:4      | 2868 ||| Stepping ~*~*~tactically~*~*~ (stealth).
  3024 | D:4      | Noticed Ijyb
  3032 | D:4      | Killed Ijyb
  3237 | D:4      | 3237 ||| UPGRADING to +4 ring of evasion.
  3238 | D:4      | 3238 ||| READING scroll labelled ZEARIO ULEEGH.
  3239 | D:4      | 3239 ||| READING scroll labelled UNEIMYSEDD.
  3240 | D:4      | 3240 ||| READING scroll labelled OMIPPU JUAKUI.
  3241 | D:4      | 3241 ||| DRINKING 3 lumpy puce potions.
  3242 | D:4      | 3242 ||| READING 2 scrolls of identify.
  3242 | D:4      | 3242 ||| IDENTIFYING red potion
  3258 | D:5      | Entered Level 5 of the Dungeon
  3259 | D:5      | 3259 ||| STAIRDANCE
  3363 | D:5      | 3363 ||| STAIRDANCE
  3367 | D:5      | Noticed qw's ghost (novice GrFi)
  3368 | D:5      | 3368 ||| STAIRDANCE
  3440 | D:5      | 3440 ||| STAIRDANCE
  3445 | D:4      | Reached skill level 6 in Shields
  3445 | D:4      | Reached XP level 8. HP: 29/48 MP: 8/8
  3564 | D:5      | 3564 ||| STAIRDANCE
  3568 | D:4      | Reached skill level 1 in Dodging
  3570 | D:5      | 3570 ||| STAIRDANCE
  3579 | D:5      | 3579 ||| STAIRDANCE
  3590 | D:5      | 3590 ||| STAIRDANCE
  3594 | D:4      | Reached skill level 7 in Axes
  3613 | D:5      | 3613 ||| STAIRDANCE
  3621 | D:4      | 3621 ||| READING scroll labelled NAPNIKLEWN.
  3630 | D:5      | 3630 ||| STAIRDANCE
  3695 | D:5      | 3695 ||| Stepping ~*~*~tactically~*~*~ (stealth).
  3697 | D:5      | 3697 ||| Stepping ~*~*~tactically~*~*~ (hiding).
  3843 | D:5      | 3843 ||| Stepping ~*~*~tactically~*~*~ (hiding).
  4071 | D:5      | Found a staircase to the Ecumenical Temple.
  4072 | D:5      | 4072 ||| PLANNING TEMPLE
  4072 | D:5      | 4072 ||| DRINKING 2 cyan potions.
  4072 | D:5      | Gained mutation: You have a pair of small antennae on your
                  | head. [potion of mutation]
  4072 | D:5      | Gained mutation: You are dopey. (Int -2) [potion of
                  | mutation]
  4072 | D:5      | Gained mutation: You are partially covered in iridescent
                  | scales. (AC +2) [potion of mutation]
  4073 | D:5      | 4073 ||| DROPPING +2 helmet of see invisible.
  4074 | D:5      | 4074 ||| READING 3 scrolls of identify.
  4074 | D:5      | 4074 ||| IDENTIFYING bubbling yellow potion
  4075 | D:5      | 4075 ||| READING 2 scrolls of identify.
  4075 | D:5      | 4075 ||| IDENTIFYING fizzy golden potion
  4076 | D:5      | 4076 ||| DROPPING potion of degeneration.
  4083 | Temple   | Entered the Ecumenical Temple
  4084 | Temple   | 4084 ||| PLANNING D:1-11
  4089 | D:5      | Found a transporter.
  4169 | D:5      | Found a transporter.
  4606 | D:5      | 4606 ||| DROPPING ring of wizardry.
  4607 | D:5      | 4607 ||| READING 2 scrolls of identify.
  4607 | D:5      | 4607 ||| IDENTIFYING smoky black potion
  4608 | D:5      | 4608 ||| DROPPING potion of flight.
  4639 | D:6      | 4639 ||| Stepping ~*~*~tactically~*~*~ (hiding).
  4934 | D:6      | 4934 ||| FLEEEEING.
  4935 | D:6      | 4935 ||| FLEEEEING.
  4936 | D:6      | 4936 ||| FLEEEEING.
  4937 | D:6      | 4937 ||| FLEEEEING.
  4938 | D:6      | 4938 ||| FLEEEEING.
  4939 | D:6      | 4939 ||| FLEEEEING.
  4940 | D:6      | 4940 ||| FLEEEEING.
  4946 | D:6      | 4946 ||| FLEEEEING.
  4947 | D:6      | 4947 ||| FLEEEEING.
  4948 | D:6      | 4948 ||| FLEEEEING.
  4949 | D:6      | 4949 ||| FLEEEEING.
  4951 | D:6      | 4951 ||| STAIRDANCE
  5124 | D:6      | Found a transporter.
  5130 | D:6      | Found a one-way gate to the infinite horrors of the Abyss.
  5130 | D:6      | Noticed qw's ghost (novice GrFi)
  5182 | D:6      | Reached skill level 1 in Throwing
  5315 | D:6      | Reached XP level 9. HP: 53/54 MP: 9/9
  5365 | D:6      | Found a radiant altar of Vehumet.
  5391 | D:6      | HP: 10/54 [wight/+2 halberd (5)]
  5392 | D:6      | 5392 ||| READING 2 scrolls of teleportation.
  5428 | D:6      | 5428 ||| FLEEEEING.
  5429 | D:6      | 5429 ||| FLEEEEING.
  5430 | D:6      | 5430 ||| FLEEEEING.
  5431 | D:6      | 5431 ||| FLEEEEING.
  5432 | D:6      | 5432 ||| FLEEEEING.
  5433 | D:6      | 5433 ||| FLEEEEING.
  5434 | D:6      | 5434 ||| FLEEEEING.
  5435 | D:6      | 5435 ||| FLEEEEING.
  5439 | D:6      | 5439 ||| FLEEEEING.
  5440 | D:6      | 5440 ||| FLEEEEING.
  5441 | D:6      | 5441 ||| FLEEEEING.
  5442 | D:6      | 5442 ||| FLEEEEING.
  5443 | D:6      | 5443 ||| FLEEEEING.
  5444 | D:6      | 5444 ||| FLEEEEING.
  5445 | D:6      | 5445 ||| FLEEEEING.
  5446 | D:6      | 5446 ||| FLEEEEING.
  5447 | D:6      | 5447 ||| FLEEEEING.
  5453 | D:6      | 5453 ||| FLEEEEING.
  5454 | D:6      | 5454 ||| STAIRDANCE
  5659 | D:5      | 5659 ||| DRINKING 2 blue potions.
  5668 | D:6      | 5668 ||| STAIRDANCE
  5712 | D:6      | 5712 ||| STAIRDANCE
  5813 | D:6      | Reached skill level 8 in Axes
  5991 | D:6      | Found Pamael's General Store.
  5999 | D:6      | 5999 ||| BUYING +2 morningstar of draining (211 gold).
  5999 | D:6      | Bought a +2 morningstar of draining for 211 gold pieces
  5999 | D:6      | 5999 ||| SHOPLISTING +3 flail "Jimi" {speed, Fragile rF+
                  | Int+2 Dex+2} (465 gold, have 112).
  5999 | D:6      | 5999 ||| BUYING scroll of brand weapon (104 gold).
  5999 | D:6      | Bought a scroll of brand weapon for 104 gold pieces
  5999 | D:6      | 5999 ||| SHOPLISTING scroll of identify (22 gold, have 8).
  5999 | D:6      | 5999 ||| DROPPING +2 flail of protection.
  6059 | D:6      | Found a transporter.
  6147 | D:6      | 6147 ||| UPGRADING to +1 plate armour of cold resistance.
  6157 | D:6      | 6157 ||| DROPPING +0 chain mail.
  6158 | D:6      | 6158 ||| DROPPING +3 ring mail of fire resistance.
  6159 | D:6      | 6159 ||| UPGRADING to +0 cloak.
  6164 | D:6      | 6164 ||| UPGRADING to ring of fire.
  6190 | D:7      | Identified the +3 leather armour of Words of Power {rC++}
  6255 | D:7      | 6255 ||| FLEEEEING.
  6292 | D:7      | 6292 ||| Stepping ~*~*~tactically~*~*~ (hiding).
  6299 | D:7      | Reached skill level 6 in Fighting
  6368 | D:7      | 6368 ||| Stepping ~*~*~tactically~*~*~ (hiding).
  6561 | D:7      | 6561 ||| Stepping ~*~*~tactically~*~*~ (hiding).
  6586 | D:7      | 6586 ||| Stepping ~*~*~tactically~*~*~ (hiding).
  6596 | D:7      | 6596 ||| Stepping ~*~*~tactically~*~*~ (hiding).
  6606 | D:7      | Reached skill level 9 in Axes
  6606 | D:7      | 6606 ||| Stepping ~*~*~tactically~*~*~ (hiding).
  6625 | D:7      | Killed an unseen horror
  6626 | D:7      | Reached skill level 6 in Armour
  6626 | D:7      | Reached XP level 10. HP: 48/60 MP: 10/10
  6645 | D:7      | 6645 ||| Stepping ~*~*~tactically~*~*~ (hiding).
  6649 | D:7      | HP: 14/63 [troll (6)]
  6650 | D:7      | 6650 ||| READING scroll of teleportation.
  6652 | D:7      | HP: 4/63 [wight/+0 spear (3)]
  6663 | D:7      | HP: 3/63 [sky beast (3)]
  6788 | D:7      | Reached skill level 9 in Shields
  6984 | D:7      | Found an iron altar of Okawaru.
  6984 | D:7      | Found a bloodstained altar of Trog.
  6985 | D:7      | 6985 ||| PLANNING OKAWARU WORSHIP
  6994 | D:7      | Became a worshipper of Warmaster Okawaru
  6995 | D:7      | 6995 ||| PLANNING D:1-11
  7039 | D:7      | Noticed a gargoyle
  7040 | D:7      | 7040 ||| Stepping ~*~*~tactically~*~*~ (stealth).
  7047 | D:7      | Killed a gargoyle
  7048 | D:7      | 7048 ||| FLEEEEING.
  7049 | D:7      | 7049 ||| FLEEEEING.
  7050 | D:7      | 7050 ||| FLEEEEING.
  7051 | D:7      | 7051 ||| FLEEEEING.
  7052 | D:7      | 7052 ||| FLEEEEING.
  7294 | D:7      | Noticed Duvessa
  7294 | D:7      | Noticed Dowan
  7295 | D:7      | 7295 ||| Stepping ~*~*~tactically~*~*~ (hiding).
  7307 | D:7      | Killed Duvessa
  7313 | D:7      | Killed Dowan
  7404 | D:7      | 7404 ||| Stepping ~*~*~tactically~*~*~ (hiding).
  7422 | D:7      | 7422 ||| Stepping ~*~*~tactically~*~*~ (stealth).
  7426 | D:7      | 7426 ||| Stepping ~*~*~tactically~*~*~ (hiding).
  7436 | D:7      | HP: 14/63 [orc priest/divine providence (12)]
  7438 | D:7      | Reached * piety under Okawaru
  7439 | D:7      | 7439 ||| INVOKING Heroism.
  7447 | D:7      | Noticed a gargoyle
  7447 | D:7      | Noticed a gargoyle
  7448 | D:7      | Reached skill level 10 in Axes
  7448 | D:7      | 7448 ||| Stepping ~*~*~tactically~*~*~ (hiding).
  7453 | D:7      | Killed from afar by a gargoyle

Levels and vault maps discovered:
D:1:      minmay_arrival_stone_box, layout_rooms,
          ebering_ecumenical_altar_sacrificial, minmay_misc_feat_x,
          feat_on_display
D:2:      cheibrodos_old_hovel, layout_rooms, basic_altar, serial_shops,
          nicolae_lakefront_shop, hangedman_decor_push
D:3:      layout_loops_ring, dreamdust_divine_triumvirate, old_standard_altar,
          nicolae_overflow_two_pavilions, lemuel_doored_altar, serial_glass,
          glass_columns_b, glass_columns_b, ebering_ghost_reflecting_pool,
          serial_shops, nicolae_shop_competitors_out_of_business,
          chequers_jeans, minmay_door_square
D:4:      wad_river_or_something, layout_cave_pools, cheibriados_altar_1,
          nicolae_hepliaklqana_hazy_memory, sigmund_edmund_badplayer, uniq_ijyb
D:5:      layout_cave_pods, minmay_temple_entry_crystal_x,
          gammafunk_ghost_mausoleum
D:6:      layout_basic, mainiacjoe_overflow_surrounded_room,
          gammafunk_ghost_abyssal_escape, serial_shops, shop,
          minmay_misc_feat_pillars
D:7:      nzn_winding_woodlands_large [nzn_winding_woodlands_5x5_cross,
          nzn_winding_woodlands_5x15_river_crossing,
          nzn_winding_woodlands_5x5_open_star,
          nzn_winding_woodlands_center_triple_pond,
          nzn_winding_woodlands_15x15_boxy_spiral,
          nzn_winding_woodlands_center_lodge, nzn_winding_woodlands_hourglass,
          nzn_winding_woodlands_5x15_sawtooth,
          nzn_winding_woodlands_5x5_perimeter], layout_loops_cross,
          grunt_temple_overflow_bloody_war, mainiacjoe_overflow_six_doors_small,
          minmay_misc_feat_plants, uniq_duvessa
Temple:   hellmonk_temple_micro_hex

Skill      XL: |  1  2  3  4  5  6  7  8  9 10 |
---------------+-------------------------------+-----
Axes           | 2 3 4 5 6 7 9 10 | 10.0
Fighting       | 4 5 6 7 |  7.0
Shields        | 6 7 8 9 |  9.0
Dodging        | 1 |  1.3
Throwing       | 1 |  1.2
Armour         | 6 |  6.5

Action                   |  1- 3 |  4- 6 |  7- 9 | 10-12 || total
-------------------------+-------+-------+-------+-------++-------
Melee: War axe           |   118 |    80 |   271 |    98 ||   567
Throw: Boomerang         |       |       |    29 |     7 ||    36
Invok: Heroism           |       |       |       |     1 ||     1
  Use: Scroll            |     6 |     6 |    10 |     1 ||    23
       Potion            |       |       |     3 |       ||     3
Armor: Scale mail        |    56 |    14 |       |       ||    70
       Chain mail        |       |    29 |    64 |       ||    93
       Plate armour      |       |       |    52 |    48 ||   100
Dodge: Dodged            |    57 |    31 |   108 |    31 ||   227
Block: Buckler           |    19 |    11 |       |       ||    30
       Kite shield       |       |       |   164 |    61 ||   225

Table legend:
 A = Non-vault XP
 B = Vault XP
 C = Vault XP percentage of total XP
 D = Non-vault monster count
 E = Vault monster count
 F = Vault count percentage of total count
                 A         B        C        D         E       F
            +---------+---------+-------+---------+---------+-------
      Total |    3272 |    4070 |  55.4 |     144 |      40 |  21.7
            +---------+---------+-------+---------+---------+-------
        D:1 |      40 |       0 |   0.0 |      21 |       0 |   0.0
        D:2 |      20 |       2 |   9.1 |      11 |       1 |   8.3
        D:3 |      94 |       0 |   0.0 |      23 |       0 |   0.0
        D:4 |     915 |     561 |  38.0 |      29 |      12 |  29.3
        D:5 |     241 |       0 |   0.0 |       8 |       0 |   0.0
        D:6 |     952 |       0 |   0.0 |      27 |       0 |   0.0
        D:7 |    1010 |    3507 |  77.6 |      25 |      27 |  51.9
            +---------+---------+-------+---------+---------+-------
